Map: Acropolis LE

Players

pHARM

  • Race: Zerg Zerg
  • League: Platinum
  • Spawn Location: 11:00

A.I. 1 (Very Easy)

  • Race: Terran Terran
  • Spawn Location: 5:00

VOD

Have the link to the VOD?

Description

Time

  • Played on: Oct. 7, 2019, 10:10 a.m.
  • Length: 51:28
Show
View Real Time Build Order
Export as new Build Order

pHARM Zerg 

Build Orders: Hatch First 

Get SALT Encoding   

  1  0:00  Terran Ship Armor Level 3, Zerg Flyer Armor Level 2, Enduring Locusts, Protoss Air Armor Level 1, Tunneling Claws, Behemoth Reactor, Zerg Flyer Weapons Level 1, Psionic Storm, Terran Ship Weapons Level 3, Zerg Missile Weapons Level 2, Weapon Refit, Glial Reconstitution, Terran Ship Weapons Level 1, Zerg Ground Armor Level 1, Graviton Catapult, Protoss Ground Armor Level 1, Zerg Ground Armor Level 2, Zerg Melee Weapons Level 1, Neosteel Armor, Cloaking Field, Protoss Air Weapons Level 1, Caduceus Reactor, Zerg Flyer Weapons Level 2, Resonating Glaives, Burrow, Terran Vehicle Weapons Level 2, Combat Shield, Pathogen Glands, Terran Ship Armor Level 1, Protoss Ground Weapons Level 1, Hi-Sec Auto Tracking, Terran Infantry Armor Level 3, Corvid Reactor, Metabolic Boost, Terran Vehicle Weapons Level 3, Blink, Protoss Air Armor Level 2, Neural Parasite, Adrenal Glands, Protoss Air Weapons Level 3, Charge, Terran Vehicle Armor Level 2, Terran Vehicle Armor Level 1, Terran Infantry Weapons Level 3, Terran Ship Weapons Level 2, Zerg Melee Weapons Level 3, Protoss Ground Armor Level 2, Protoss Ground Weapons Level 2, Zerg Flyer Armor Level 1, Zerg Missile Weapons Level 3, Durable Materials, Terran Ship Armor Level 2, Infernal Pre-Igniter, Protoss Air Weapons Level 2, Terran Infantry Armor Level 2, Zerg Missile Weapons Level 1, Terran Infantry Weapons Level 2, Ventral Sacs, Chitinous Plating, Zerg Flyer Armor Level 3, Warp Gate, Terran Vehicle Armor Level 3, Gravitic Boosters, Protoss Ground Weapons Level 3, Centrifical Hooks, Protoss Ground Armor Level 3, Protoss Shields Level 2, Terran Infantry Weapons Level 1, Extended Thermal Lance, Zerg Melee Weapons Level 2, Moebius Reactor, Terran Vehicle Weapons Level 1, Protoss Air Armor Level 3, Muscular Augments x2, Personal Cloaking, Gravitic Drive, Stimpack, Zerg Ground Armor Level 3, Zerg Flyer Weapons Level 3, Protoss Shields Level 3, Neosteel Frame, Terran Infantry Armor Level 1, Protoss Shields Level 1  
    0:08  Overlord, Pneumatized Carapace, Concussive Shells  
    0:14  Drone x12  
    0:26  Unknown  
  12  0:42  Lair  
  12  0:51  Unknown x5  
    1:21  Overlord  
    1:27  Drone x12  
  12  1:43  Drone  
  13  2:00  Overlord  
  13  2:08  Drone  
  14  2:18  Drone x2  
  16  2:36  Hatchery  
  15  2:40  Drone x2  
  17  2:45  Drone  
  18  2:58  Spawning Pool  
  17  3:01  Drone  
  18  3:16  Drone  
  19  3:30  Hatchery  
  18  3:39  Drone x3  
  21  3:47  Queen  
  23  3:50  Queen  
  23  3:55  Zergling x4  
  27  4:15  Drone  
  28  4:18  Overlord x2  
  28  4:36  Queen x2  
  32  4:41  Drone  
  32  4:44  Drone  
  34  4:46  Queen  
  36  4:55  Drone x3  
  36  4:56  Drone  
  40  5:05  Drone x4  
  44  5:07  Drone  
  44  5:11  Overlord, Queen  
  47  5:38  Drone x4  
  47  5:39  Drone  
  47  5:41  Drone x3  
  55  5:47  Extractor  
  55  5:48  Extractor  
  55  5:49  Protoss Ground Weapons Level 3, Protoss Ground Armor Level 3, Protoss Shields Level 3  
  53  5:50  Queen  
  53  5:52  Queen  
  57  6:02  Roach Warren  
  56  6:11  Terran Ship Armor Level 3, Terran Infantry Armor Level 3, Zerg Melee Weapons Level 3, Zerg Missile Weapons Level 3, Protoss Air Armor Level 3, Terran Vehicle Weapons Level 3, Terran Ship Weapons Level 3, Terran Vehicle Armor Level 3, Zerg Flyer Armor Level 3, Zerg Ground Armor Level 3, Zerg Flyer Weapons Level 3, Protoss Air Weapons Level 3, Terran Infantry Weapons Level 3  
  56  6:12  Drone x2  
  56  6:14  Protoss Ground Armor Level 2, Protoss Shields Level 2, Protoss Ground Weapons Level 2, Overlord x2  
  56  6:15  Overlord x3  
  58  6:32  Terran Vehicle Weapons Level 2, Zerg Missile Weapons Level 2, Terran Ship Armor Level 2, Protoss Air Weapons Level 2, Terran Infantry Armor Level 2, Zerg Melee Weapons Level 2, Terran Infantry Weapons Level 2, Protoss Air Armor Level 2, Zerg Ground Armor Level 2, Zerg Flyer Armor Level 2, Terran Vehicle Armor Level 2, Zerg Flyer Weapons Level 2, Terran Ship Weapons Level 2  
  58  6:39  Protoss Shields Level 1, Protoss Ground Armor Level 1, Protoss Ground Weapons Level 1  
  58  6:40  Overlord  
  58  6:43  Lair  
  58  6:46  Queen x2  
  62  6:47  Blink  
  62  6:54  Zerg Flyer Armor Level 1, Protoss Air Armor Level 1, Zerg Flyer Weapons Level 1, Terran Infantry Armor Level 1, Zerg Melee Weapons Level 1, Zerg Missile Weapons Level 1, Terran Ship Armor Level 1, Zerg Ground Armor Level 1, Terran Vehicle Armor Level 1, Terran Ship Weapons Level 1, Protoss Air Weapons Level 1, Terran Infantry Weapons Level 1, Terran Vehicle Weapons Level 1  
  62  6:55  Roach x5  
  62  6:58  Roach  
  74  7:02  Roach  
  74  7:08  Extended Thermal Lance, Stimpack, Warp Gate, Neosteel Armor, Charge, Resonating Glaives, Weapon Refit  
  76  7:15  Ventral Sacs, Adrenal Glands  
  76  7:21  Enduring Locusts  
  76  7:22  Personal Cloaking  
  76  7:26  Roach  
  76  7:29  Corvid Reactor, Tunneling Claws, Combat Shield, Durable Materials, Infernal Pre-Igniter, Psionic Storm, Glial Reconstitution, Chitinous Plating, Neural Parasite, Cloaking Field, Centrifical Hooks, Neosteel Frame, Metabolic Boost  
  78  7:34  Extractor  
  77  7:37  Burrow, Muscular Augments x2  
  77  7:43  Extractor  
  76  7:45  Drone x15  
  76  7:51  Gravitic Boosters, Graviton Catapult, Moebius Reactor, Pathogen Glands, Behemoth Reactor, Gravitic Drive, Caduceus Reactor, Hi-Sec Auto Tracking  
  91  7:58  Evolution Chamber  
  90  7:59  Evolution Chamber  
  90  8:05  Pneumatized Carapace, Concussive Shells  
  89  8:10  Lair  
  89  8:11  Extractor  
  88  8:18  Roach  
  90  8:26  Drone x3  
  93  8:31  Extractor  
  92  8:48  Unknown x5  
  92  8:49  Overlord  
  92  8:55  Drone x12  
    9:09  Drone  
  13  9:22  Overlord  
  13  9:25  Drone  
  14  9:40  Drone x2  
  16  9:46  Drone  
  17  10:02  Hatchery  
  17  10:07  Drone x2  
  18  10:20  Spawning Pool  
  17  10:22  Drone  
  18  10:35  Drone  
  19  10:47  Hatchery  
  18  10:52  Drone x2  
  20  11:06  Queen  
  22  11:14  Queen  
  24  11:18  Drone  
  24  11:20  Zergling x4  
  27  11:27  Drone  
  27  11:29  Overlord  
  28  11:35  Overlord  
  28  11:49  Queen  
  28  11:52  Queen  
  32  12:00  Drone x2  
  34  12:02  Queen  
  34  12:07  Drone x2  
  34  12:08  Drone  
  39  12:22  Drone x5  
  44  12:23  Drone  
  44  12:27  Overlord  
  44  12:29  Drone  
  46  12:41  Drone  
  46  12:42  Drone  
  46  12:43  Drone x2  
  50  12:48  Drone x2  
  50  12:49  Queen  
  54  13:05  Drone  
  54  13:10  Extractor  
  54  13:13  Drone  
  54  13:17  Extractor  
  54  13:27  Queen, Drone  
  55  13:30  Drone  
  55  13:33  Overlord x3  
  58  13:51  Queen  
  60  13:58  Drone x2  
  60  13:59  Drone x7  
  69  14:05  Roach Warren  
  68  14:21  Lair  
  68  14:23  Drone x8  
  68  14:24  Drone  
  77  14:26  Queen  
  79  14:38  Protoss Ground Weapons Level 3, Protoss Ground Armor Level 3, Protoss Shields Level 3  
  79  14:45  Queen  
  79  14:50  Overlord x4  
  81  15:00  Terran Ship Armor Level 3, Terran Infantry Armor Level 3, Zerg Melee Weapons Level 3, Zerg Missile Weapons Level 3, Protoss Air Armor Level 3, Terran Vehicle Weapons Level 3, Terran Ship Weapons Level 3, Terran Vehicle Armor Level 3, Zerg Flyer Armor Level 3, Zerg Ground Armor Level 3, Zerg Flyer Weapons Level 3, Protoss Air Weapons Level 3, Terran Infantry Weapons Level 3  
  81  15:03  Protoss Ground Armor Level 2, Protoss Shields Level 2, Protoss Ground Weapons Level 2  
  81  15:10  Protoss Ground Weapons Level 3, Protoss Ground Armor Level 3, Protoss Shields Level 3  
  81  15:19  Roach  
  81  15:20  Roach x3  
  81  15:21  Terran Vehicle Weapons Level 2, Zerg Missile Weapons Level 2, Terran Ship Armor Level 2, Roach x3, Protoss Air Weapons Level 2, Terran Infantry Armor Level 2, Zerg Melee Weapons Level 2, Terran Infantry Weapons Level 2, Protoss Air Armor Level 2, Zerg Ground Armor Level 2, Zerg Flyer Armor Level 2, Terran Vehicle Armor Level 2, Zerg Flyer Weapons Level 2, Terran Ship Weapons Level 2  
  95  15:22  Roach  
  95  15:27  Extractor  
  95  15:28  Protoss Shields Level 1, Protoss Ground Armor Level 1, Protoss Ground Weapons Level 1  
  96  15:29  Extractor  
  96  15:32  Terran Ship Armor Level 3, Terran Infantry Armor Level 3, Zerg Melee Weapons Level 3, Zerg Missile Weapons Level 3, Protoss Air Armor Level 3, Terran Vehicle Weapons Level 3, Terran Ship Weapons Level 3, Terran Vehicle Armor Level 3, Zerg Flyer Armor Level 3, Zerg Ground Armor Level 3, Zerg Flyer Weapons Level 3, Protoss Air Weapons Level 3, Terran Infantry Weapons Level 3  
  96  15:33  Extractor  
  96  15:35  Protoss Ground Armor Level 2, Protoss Shields Level 2, Protoss Ground Weapons Level 2  
  94  15:36  Blink  
  94  15:41  Evolution Chamber  
  93  15:43  Zerg Flyer Armor Level 1, Protoss Air Armor Level 1, Zerg Flyer Weapons Level 1, Terran Infantry Armor Level 1, Zerg Melee Weapons Level 1, Zerg Missile Weapons Level 1, Terran Ship Armor Level 1, Zerg Ground Armor Level 1, Evolution Chamber, Terran Vehicle Armor Level 1, Terran Ship Weapons Level 1, Protoss Air Weapons Level 1, Terran Infantry Weapons Level 1, Terran Vehicle Weapons Level 1  
  92  15:53  Terran Vehicle Weapons Level 2, Zerg Missile Weapons Level 2, Terran Ship Armor Level 2, Protoss Air Weapons Level 2, Terran Infantry Armor Level 2, Zerg Melee Weapons Level 2, Terran Infantry Weapons Level 2, Protoss Air Armor Level 2, Zerg Ground Armor Level 2, Zerg Flyer Armor Level 2, Terran Vehicle Armor Level 2, Zerg Flyer Weapons Level 2, Terran Ship Weapons Level 2  
  92  15:57  Extended Thermal Lance, Stimpack, Warp Gate, Neosteel Armor, Charge, Resonating Glaives, Weapon Refit  
  92  16:00  Protoss Shields Level 1, Protoss Ground Armor Level 1, Protoss Ground Weapons Level 1  
  92  16:04  Ventral Sacs, Adrenal Glands  
  92  16:08  Blink  
  92  16:10  Enduring Locusts  
  92  16:11  Personal Cloaking  
  90  16:13  Extractor  
  90  16:14  Drone x2  
  90  16:15  Terran Infantry Armor Level 1, Zerg Flyer Armor Level 1, Protoss Air Armor Level 1, Zerg Flyer Weapons Level 1, Terran Vehicle Weapons Level 1, Zerg Melee Weapons Level 1, Zerg Missile Weapons Level 1, Drone x2, Terran Ship Armor Level 1, Zerg Ground Armor Level 1, Terran Vehicle Armor Level 1, Terran Ship Weapons Level 1, Protoss Air Weapons Level 1, Terran Infantry Weapons Level 1  
  90  16:18  Corvid Reactor, Tunneling Claws, Combat Shield, Durable Materials, Infernal Pre-Igniter, Psionic Storm, Glial Reconstitution, Chitinous Plating, Neural Parasite, Cloaking Field, Centrifical Hooks, Neosteel Frame, Metabolic Boost  
  91  16:26  Burrow, Muscular Augments x2  
  91  16:29  Extended Thermal Lance, Stimpack, Warp Gate, Neosteel Armor, Charge, Resonating Glaives, Weapon Refit  
  91  16:36  Ventral Sacs, Adrenal Glands  
  91  16:40  Gravitic Boosters, Graviton Catapult, Moebius Reactor, Pathogen Glands, Behemoth Reactor, Gravitic Drive, Caduceus Reactor, Hi-Sec Auto Tracking  
  91  16:42  Enduring Locusts  
  91  16:43  Personal Cloaking  
  91  16:50  Corvid Reactor, Tunneling Claws, Combat Shield, Durable Materials, Infernal Pre-Igniter, Psionic Storm, Glial Reconstitution, Chitinous Plating, Neural Parasite, Cloaking Field, Centrifical Hooks, Neosteel Frame, Metabolic Boost  
  91  16:54  Pneumatized Carapace, Concussive Shells  
  91  16:58  Burrow, Muscular Augments x2  
  91  17:12  Gravitic Boosters, Graviton Catapult, Moebius Reactor, Pathogen Glands, Behemoth Reactor, Gravitic Drive, Caduceus Reactor, Hi-Sec Auto Tracking  
  91  17:26  Pneumatized Carapace, Concussive Shells  
  91  17:33  Overlord  
  91  17:37  Unknown x5  
  91  17:39  Drone x12  
    17:51  Unknown  
  12  17:52  Drone  
  13  18:09  Overlord, Unknown x5  
    18:15  Drone x12  
    18:27  Unknown  
    18:29  Drone  
  13  18:40  Overlord  
  13  18:45  Drone  
  14  19:01  Drone x2  
  16  19:05  Drone  
  17  19:21  Hatchery  
  16  19:24  Drone  
  16  19:28  Drone  
  18  19:42  Spawning Pool  
  18  19:45  Drone  
  18  19:48  Drone  
  19  20:10  Drone  
  19  20:13  Hatchery, Drone  
  20  20:18  Drone  
  21  20:29  Drone  
  21  20:32  Queen  
  24  20:39  Queen  
  26  20:44  Zergling x2  
  26  20:45  Zergling x2  
  26  20:49  Overlord  
  28  20:53  Overlord  
  28  21:19  Queen  
  28  21:24  Drone x3  
  28  21:25  Drone  
  34  21:27  Queen  
  34  21:28  Queen  
  34  21:30  Drone x2  
  40  21:46  Drone x4  
  40  21:47  Drone x3  
  47  21:50  Drone x2  
  49  21:54  Overlord  
  49  22:12  Drone  
  49  22:13  Drone  
  49  22:15  Drone  
  52  22:18  Queen  
  54  22:25  Extractor  
  54  22:29  Drone  
  55  22:30  Drone  
  55  22:34  Extractor  
  54  22:38  Drone  
  54  22:39  Queen  
  54  22:44  Drone  
  58  22:46  Overlord  
  58  22:47  Overlord  
  58  22:55  Overlord x3  
  58  23:13  Drone  
  58  23:14  Drone  
  58  23:17  Queen  
  60  23:32  Drone x2  
  60  23:33  Drone x5  
  67  23:34  Drone  
  68  23:41  Roach Warren  
  68  23:42  Protoss Ground Weapons Level 3, Protoss Ground Armor Level 3, Protoss Shields Level 3  
  67  23:49  Drone  
  68  24:04  Terran Ship Armor Level 3, Terran Infantry Armor Level 3, Zerg Melee Weapons Level 3, Zerg Missile Weapons Level 3, Protoss Air Armor Level 3, Terran Vehicle Weapons Level 3, Terran Ship Weapons Level 3, Terran Vehicle Armor Level 3, Zerg Flyer Armor Level 3, Zerg Ground Armor Level 3, Zerg Flyer Weapons Level 3, Protoss Air Weapons Level 3, Terran Infantry Weapons Level 3  
  68  24:07  Protoss Ground Armor Level 2, Protoss Shields Level 2, Protoss Ground Weapons Level 2  
  68  24:15  Drone  
  69  24:25  Terran Vehicle Weapons Level 2, Zerg Missile Weapons Level 2, Terran Ship Armor Level 2, Protoss Air Weapons Level 2, Terran Infantry Armor Level 2, Zerg Melee Weapons Level 2, Terran Infantry Weapons Level 2, Protoss Air Armor Level 2, Zerg Ground Armor Level 2, Zerg Flyer Armor Level 2, Terran Vehicle Armor Level 2, Zerg Flyer Weapons Level 2, Terran Ship Weapons Level 2  
  65  24:32  Protoss Shields Level 1, Protoss Ground Armor Level 1, Protoss Ground Weapons Level 1  
  63  24:40  Blink, Lair  
  63  24:46  Drone x4  
  63  24:47  Terran Infantry Armor Level 1, Zerg Flyer Armor Level 1, Protoss Air Armor Level 1, Zerg Flyer Weapons Level 1, Terran Vehicle Weapons Level 1, Zerg Melee Weapons Level 1, Zerg Missile Weapons Level 1, Drone x2, Terran Ship Armor Level 1, Zerg Ground Armor Level 1, Terran Vehicle Armor Level 1, Terran Ship Weapons Level 1, Protoss Air Weapons Level 1, Terran Infantry Weapons Level 1  
  63  24:48  Drone x3  
  63  24:49  Drone  
  63  24:51  Queen  
  75  25:00  Queen  
  75  25:01  Extended Thermal Lance, Stimpack, Warp Gate, Neosteel Armor, Charge, Resonating Glaives, Weapon Refit  
  75  25:03  Roach x10  
  97  25:08  Ventral Sacs, Adrenal Glands  
  97  25:13  Extractor  
  96  25:14  Enduring Locusts  
  96  25:15  Personal Cloaking  
  96  25:20  Extractor  
  96  25:21  Extractor  
  94  25:22  Corvid Reactor, Tunneling Claws, Combat Shield, Durable Materials, Infernal Pre-Igniter, Psionic Storm, Glial Reconstitution, Chitinous Plating, Neural Parasite, Cloaking Field, Centrifical Hooks, Neosteel Frame, Metabolic Boost  
  94  25:27  Queen  
  96  25:30  Burrow, Muscular Augments x2  
  96  25:44  Gravitic Boosters, Graviton Catapult, Moebius Reactor, Pathogen Glands, Behemoth Reactor, Gravitic Drive, Caduceus Reactor, Hi-Sec Auto Tracking  
  96  25:58  Pneumatized Carapace, Concussive Shells  
  96  26:00  Lair  
  96  26:02  Queen  
  98  26:07  Evolution Chamber  
  97  26:11  Evolution Chamber  
  96  26:21  Extractor  
  95  26:39  Overlord  
  95  26:41  Unknown x5  
  95  26:45  Drone x12  
    26:59  Drone  
  13  27:10  Overlord  
  13  27:19  Drone  
  14  27:30  Drone x2  
  14  27:34  Drone  
  17  27:52  Hatchery  
  17  27:55  Drone  
  17  27:59  Drone  
  18  28:10  Drone  
  19  28:14  Spawning Pool  
  18  28:21  Drone  
  19  28:36  Hatchery  
  19  28:41  Drone x2  
  20  29:01  Queen  
  22  29:04  Queen  
  22  29:07  Drone  
  22  29:08  Zergling x2  
  22  29:09  Zergling x2  
  27  29:16  Drone  
  28  29:18  Overlord  
  28  29:22  Overlord  
  28  29:39  Queen  
  30  29:49  Drone x3  
  30  29:50  Drone  
  34  29:53  Queen  
  34  29:58  Queen  
  38  30:01  Drone x3  
  41  30:09  Drone x3  
  44  30:19  Queen  
  46  30:22  Overlord x2  
  46  30:23  Drone  
  46  30:25  Drone  
  46  30:27  Drone  
  49  30:29  Drone  
  50  30:43  Drone x3  
  50  30:44  Drone x2  
  50  30:47  Extractor  
  50  30:48  Extractor  
  53  30:56  Drone x2  
  55  30:58  Queen  
  55  30:59  Queen  
  55  31:02  Drone  
  60  31:08  Drone x5  
  60  31:09  Drone  
  66  31:13  Overlord x2  
  66  31:33  Drone  
  66  31:34  Drone  
  68  31:47  Roach Warren  
  68  31:50  Drone x2  
  68  31:52  Lair  
  69  31:56  Drone x4  
  69  31:57  Overlord x3  
  69  31:59  Queen x2  
  77  32:12  Overlord x2  
  77  32:28  Roach x5  
  77  32:29  Roach x4  
  95  32:39  Extractor  
  95  32:43  Extractor  
  93  32:50  Evolution Chamber  
  92  32:52  Drone  
  93  32:58  Extractor  
  93  33:03  Protoss Ground Weapons Level 3, Protoss Ground Armor Level 3, Protoss Shields Level 3, Evolution Chamber  
  91  33:06  Extractor  
  90  33:25  Terran Ship Armor Level 3, Terran Infantry Armor Level 3, Zerg Melee Weapons Level 3, Zerg Missile Weapons Level 3, Protoss Air Armor Level 3, Terran Vehicle Weapons Level 3, Terran Ship Weapons Level 3, Terran Vehicle Armor Level 3, Zerg Flyer Armor Level 3, Zerg Ground Armor Level 3, Zerg Flyer Weapons Level 3, Protoss Air Weapons Level 3, Terran Infantry Weapons Level 3  
  90  33:28  Protoss Ground Armor Level 2, Protoss Shields Level 2, Protoss Ground Weapons Level 2  
  90  33:30  Protoss Ground Weapons Level 3, Protoss Ground Armor Level 3, Protoss Shields Level 3  
  90  33:46  Terran Vehicle Weapons Level 2, Zerg Missile Weapons Level 2, Terran Ship Armor Level 2, Protoss Air Weapons Level 2, Terran Infantry Armor Level 2, Zerg Melee Weapons Level 2, Terran Infantry Weapons Level 2, Protoss Air Armor Level 2, Zerg Ground Armor Level 2, Zerg Flyer Armor Level 2, Terran Vehicle Armor Level 2, Zerg Flyer Weapons Level 2, Terran Ship Weapons Level 2  
  90  33:47  Zerg Melee Weapons Level 1  
  89  33:51  Zerg Ground Armor Level 1  
  89  33:52  Terran Ship Armor Level 3, Terran Infantry Armor Level 3, Zerg Melee Weapons Level 3, Zerg Missile Weapons Level 3, Protoss Air Armor Level 3, Terran Vehicle Weapons Level 3, Terran Ship Weapons Level 3, Terran Vehicle Armor Level 3, Zerg Flyer Armor Level 3, Zerg Ground Armor Level 3, Zerg Flyer Weapons Level 3, Protoss Air Weapons Level 3, Terran Infantry Weapons Level 3  
  89  33:53  Protoss Shields Level 1, Protoss Ground Armor Level 1, Protoss Ground Weapons Level 1  
  89  33:55  Protoss Ground Armor Level 2, Protoss Shields Level 2, Protoss Ground Weapons Level 2  
  82  33:58  Baneling Nest  
  82  34:01  Blink  
  75  34:08  Zerg Flyer Armor Level 1, Protoss Air Armor Level 1, Zerg Flyer Weapons Level 1, Terran Infantry Armor Level 1, Zerg Melee Weapons Level 1, Zerg Missile Weapons Level 1, Terran Ship Armor Level 1, Zerg Ground Armor Level 1, Terran Vehicle Armor Level 1, Terran Ship Weapons Level 1, Protoss Air Weapons Level 1, Terran Infantry Weapons Level 1, Terran Vehicle Weapons Level 1  
  75  34:09  Drone x5  
  77  34:10  Drone x3  
  77  34:13  Terran Vehicle Weapons Level 2, Zerg Missile Weapons Level 2, Terran Ship Armor Level 2, Protoss Air Weapons Level 2, Terran Infantry Armor Level 2, Zerg Melee Weapons Level 2, Terran Infantry Weapons Level 2, Protoss Air Armor Level 2, Zerg Ground Armor Level 2, Drone, Zerg Flyer Armor Level 2, Terran Vehicle Armor Level 2, Zerg Flyer Weapons Level 2, Terran Ship Weapons Level 2  
  77  34:15  Drone x4  
  77  34:16  Drone x3  
  85  34:17  Drone  
  85  34:20  Protoss Shields Level 1, Protoss Ground Armor Level 1, Protoss Ground Weapons Level 1  
  85  34:22  Extended Thermal Lance, Stimpack, Warp Gate, Neosteel Armor, Charge, Resonating Glaives, Weapon Refit  
  86  34:28  Blink  
  86  34:29  Ventral Sacs, Adrenal Glands  
  86  34:30  Drone  
  87  34:31  Baneling Nest  
  87  34:35  Enduring Locusts, Zerg Flyer Armor Level 1, Protoss Air Armor Level 1, Zerg Flyer Weapons Level 1, Terran Infantry Armor Level 1, Zerg Melee Weapons Level 1, Zerg Missile Weapons Level 1, Terran Ship Armor Level 1, Zerg Ground Armor Level 1, Terran Vehicle Armor Level 1, Terran Ship Weapons Level 1, Protoss Air Weapons Level 1, Terran Infantry Weapons Level 1, Terran Vehicle Weapons Level 1  
  87  34:36  Personal Cloaking  
  86  34:43  Corvid Reactor, Tunneling Claws, Combat Shield, Durable Materials, Infernal Pre-Igniter, Psionic Storm, Glial Reconstitution, Chitinous Plating, Neural Parasite, Cloaking Field, Centrifical Hooks, Neosteel Frame, Metabolic Boost  
  87  34:49  Extended Thermal Lance, Stimpack, Warp Gate, Neosteel Armor, Charge, Resonating Glaives, Weapon Refit  
  87  34:51  Burrow, Muscular Augments x2  
  87  34:55  Hatchery  
  87  34:56  Ventral Sacs, Adrenal Glands, Hydralisk Den  
  85  35:02  Enduring Locusts  
  85  35:03  Personal Cloaking  
  85  35:05  Gravitic Boosters, Graviton Catapult, Moebius Reactor, Pathogen Glands, Behemoth Reactor, Gravitic Drive, Caduceus Reactor, Hi-Sec Auto Tracking  
  85  35:09  Hatchery  
  85  35:10  Corvid Reactor, Tunneling Claws, Combat Shield, Durable Materials, Infernal Pre-Igniter, Psionic Storm, Glial Reconstitution, Chitinous Plating, Neural Parasite, Cloaking Field, Centrifical Hooks, Neosteel Frame, Metabolic Boost  
  84  35:18  Burrow, Muscular Augments x2  
  84  35:19  Pneumatized Carapace, Concussive Shells  
  84  35:22  Roach x9  
  84  35:23  Roach x10  
  84  35:25  Overlord x4  
  122  35:32  Gravitic Boosters, Graviton Catapult, Moebius Reactor, Pathogen Glands, Behemoth Reactor, Gravitic Drive, Caduceus Reactor, Hi-Sec Auto Tracking  
  120  35:46  Pneumatized Carapace, Concussive Shells  
  120  35:48  Lair  
  136  36:02  Unknown x5  
    36:05  Overlord  
    36:11  Drone x12  
    36:23  Unknown  
  12  36:27  Overlord  
  12  36:29  Unknown x5  
    36:33  Drone x12  
  13  36:47  Drone  
  13  36:59  Overlord  
  13  37:05  Drone  
  14  37:17  Drone x2  
  16  37:23  Drone  
  17  37:39  Hatchery  
  16  37:44  Drone x2  
  18  38:00  Spawning Pool  
  18  38:01  Drone  
  18  38:08  Drone  
  19  38:27  Hatchery  
  19  38:31  Drone  
  19  38:32  Drone  
  20  38:36  Drone  
  21  38:50  Queen  
  21  38:52  Queen  
  25  38:58  Zergling x4  
  27  39:08  Drone  
  28  39:13  Overlord x2  
  28  39:31  Queen  
  28  39:36  Drone x3  
  28  39:37  Drone  
  34  39:39  Queen  
  34  39:43  Queen  
  38  39:48  Drone x2  
  38  39:50  Drone  
  41  40:08  Drone x4  
  41  40:09  Drone x2  
  41  40:10  Drone x3  
  50  40:24  Overlord x2  
  50  40:42  Queen x2  
  54  40:48  Extractor  
  53  40:51  Extractor  
  53  40:53  Drone x4  
  53  40:54  Drone x4  
  53  40:56  Queen  
  62  41:00  Drone x4  
  62  41:03  Overlord x2  
  66  41:17  Protoss Ground Weapons Level 3, Protoss Ground Armor Level 3, Protoss Shields Level 3  
  66  41:32  Roach Warren  
  65  41:35  Drone x4  
  65  41:38  Overlord  
  65  41:39  Terran Ship Armor Level 3, Terran Infantry Armor Level 3, Zerg Melee Weapons Level 3, Zerg Missile Weapons Level 3, Protoss Air Armor Level 3, Terran Vehicle Weapons Level 3, Terran Ship Weapons Level 3, Terran Vehicle Armor Level 3, Zerg Flyer Armor Level 3, Zerg Ground Armor Level 3, Zerg Flyer Weapons Level 3, Protoss Air Weapons Level 3, Terran Infantry Weapons Level 3  
  69  41:41  Lair  
  69  41:42  Protoss Ground Armor Level 2, Protoss Shields Level 2, Protoss Ground Weapons Level 2  
  69  41:43  Overlord x2  
  69  41:50  Drone x4  
  69  41:51  Drone  
  69  41:53  Queen x2  
  78  42:00  Terran Vehicle Weapons Level 2, Zerg Missile Weapons Level 2, Terran Ship Armor Level 2, Protoss Air Weapons Level 2, Terran Infantry Armor Level 2, Zerg Melee Weapons Level 2, Terran Infantry Weapons Level 2, Protoss Air Armor Level 2, Zerg Ground Armor Level 2, Zerg Flyer Armor Level 2, Terran Vehicle Armor Level 2, Zerg Flyer Weapons Level 2, Terran Ship Weapons Level 2  
  78  42:07  Protoss Shields Level 1, Protoss Ground Armor Level 1, Protoss Ground Weapons Level 1  
  78  42:15  Blink  
  78  42:17  Roach x8  
  78  42:22  Terran Infantry Armor Level 1, Zerg Flyer Armor Level 1, Protoss Air Armor Level 1, Zerg Flyer Weapons Level 1, Terran Vehicle Armor Level 1, Zerg Melee Weapons Level 1, Zerg Missile Weapons Level 1, Terran Ship Armor Level 1, Zerg Ground Armor Level 1, Extractor, Terran Ship Weapons Level 1, Protoss Air Weapons Level 1, Terran Infantry Weapons Level 1, Terran Vehicle Weapons Level 1  
  93  42:23  Extractor  
  93  42:26  Drone  
  93  42:30  Evolution Chamber, Drone  
  93  42:36  Extended Thermal Lance, Stimpack, Warp Gate, Neosteel Armor, Charge, Resonating Glaives, Weapon Refit  
  93  42:41  Evolution Chamber  
  93  42:43  Ventral Sacs, Adrenal Glands  
  92  42:49  Enduring Locusts  
  92  42:50  Personal Cloaking  
  92  42:53  Extractor  
  92  42:57  Extractor, Corvid Reactor, Tunneling Claws, Combat Shield, Durable Materials, Infernal Pre-Igniter, Psionic Storm, Glial Reconstitution, Chitinous Plating, Neural Parasite, Cloaking Field, Centrifical Hooks, Neosteel Frame, Metabolic Boost  
  88  43:05  Burrow, Muscular Augments x2  
  88  43:19  Gravitic Boosters, Graviton Catapult, Moebius Reactor, Pathogen Glands, Behemoth Reactor, Gravitic Drive, Caduceus Reactor, Hi-Sec Auto Tracking  
  88  43:21  Baneling Nest  
  85  43:27  Hydralisk Den  
  85  43:30  Drone  
  85  43:31  Drone x4  
  85  43:33  Pneumatized Carapace, Concussive Shells, Drone x2  
  91  43:34  Drone  
  92  43:43  Drone  
  92  43:46  Drone x3  
  96  43:55  Drone  
  96  43:56  Drone  
  98  44:03  Hatchery  
  98  44:16  Unknown x5  
    45:14  Overlord  
    45:20  Drone x12  
    45:32  Unknown  
    45:33  Drone  
  13  45:45  Overlord  
  13  45:57  Drone  
  16  46:04  Drone x2  
  16  46:10  Drone  
  17  46:26  Hatchery  
  17  46:30  Drone  
  18  46:32  Drone  
  18  46:48  Spawning Pool  
  18  46:49  Drone  
  18  46:56  Drone  
  19  47:15  Hatchery  
  18  47:18  Drone x2  
  20  47:23  Drone  
  21  47:37  Queen  
  21  47:39  Queen  
  21  47:43  Zergling x2  
  26  47:45  Zergling x2  
  26  47:50  Drone  
  28  47:52  Overlord  
  28  47:57  Overlord  
  28  48:16  Queen  
  28  48:19  Drone x4  
  34  48:22  Queen  
  36  48:28  Queen  
  36  48:32  Drone  
  36  48:33  Drone  
  40  48:36  Drone  
  40  48:39  Overlord  
  41  48:42  Drone  
  41  48:44  Drone  
  43  49:06  Drone x3  
  43  49:07  Drone x2  
  43  49:08  Drone  
  43  49:09  Drone x2  
  51  49:10  Drone  
  51  49:15  Queen  
  54  49:19  Extractor  
  54  49:21  Extractor  
  52  49:31  Drone x3  
  55  49:32  Queen  
  55  49:34  Drone  
  55  49:37  Overlord x3  
  58  49:51  Overlord x2  
  58  49:55  Queen  
  60  50:10  Drone x3  
  60  50:11  Drone x5  
  68  50:18  Roach Warren  
  67  50:26  Drone  
  67  50:27  Drone  
  69  50:35  Drone x4  
  73  50:37  Queen x2  
  77  50:58  Roach x10  
  77  51:03  Extractor  
  96  51:07  Extractor, Drone  
  96  51:11  Drone  
  96  51:12  Evolution Chamber  
  96  51:17  Extractor  
  95  51:21  Extractor  
  95  51:24  Evolution Chamber  
Show
View Real Time Build Order
Export as new Build Order

A.I. 1 (Very Easy) Terran 

Build Orders: Banshee Rush 

Get SALT Encoding   

  1  0:00  Terran Ship Armor Level 3, Zerg Flyer Armor Level 2, Enduring Locusts, Protoss Air Armor Level 1, Tunneling Claws, Behemoth Reactor, Zerg Flyer Weapons Level 1, Psionic Storm, Terran Ship Weapons Level 3, Zerg Missile Weapons Level 2, Weapon Refit, Glial Reconstitution, Terran Ship Weapons Level 1, Zerg Ground Armor Level 1, Graviton Catapult, Protoss Ground Armor Level 1, Zerg Ground Armor Level 2, Zerg Melee Weapons Level 1, Neosteel Armor, Cloaking Field, Protoss Air Weapons Level 1, Caduceus Reactor, Zerg Flyer Weapons Level 2, Resonating Glaives, Burrow, Terran Vehicle Weapons Level 2, Combat Shield, Pathogen Glands, Terran Ship Armor Level 1, Protoss Ground Weapons Level 1, Hi-Sec Auto Tracking, Terran Infantry Armor Level 3, Corvid Reactor, Metabolic Boost, Terran Vehicle Weapons Level 3, Blink, Protoss Air Armor Level 2, Neural Parasite, Adrenal Glands, Protoss Air Weapons Level 3, Charge, Terran Vehicle Armor Level 2, Terran Vehicle Armor Level 1, Terran Infantry Weapons Level 3, Terran Ship Weapons Level 2, Zerg Melee Weapons Level 3, Protoss Ground Armor Level 2, Protoss Ground Weapons Level 2, Zerg Flyer Armor Level 1, Zerg Missile Weapons Level 3, Durable Materials, Terran Ship Armor Level 2, Infernal Pre-Igniter, Protoss Air Weapons Level 2, Terran Infantry Armor Level 2, Zerg Missile Weapons Level 1, Terran Infantry Weapons Level 2, Ventral Sacs, Chitinous Plating, Zerg Flyer Armor Level 3, Warp Gate, Terran Vehicle Armor Level 3, Gravitic Boosters, Protoss Ground Weapons Level 3, Centrifical Hooks, Protoss Ground Armor Level 3, Protoss Shields Level 2, Terran Infantry Weapons Level 1, Extended Thermal Lance, Zerg Melee Weapons Level 2, Moebius Reactor, Terran Vehicle Weapons Level 1, Protoss Air Armor Level 3, Muscular Augments x2, Personal Cloaking, Gravitic Drive, Stimpack, Zerg Ground Armor Level 3, Zerg Flyer Weapons Level 3, Protoss Shields Level 3, Neosteel Frame, Terran Infantry Armor Level 1, Protoss Shields Level 1  
    0:08  Pneumatized Carapace, Concussive Shells  
    0:14  SCV x12  
    0:26  Unknown  
  13  0:51  Unknown x5  
    1:27  SCV x12  
    1:39  Unknown  
  12  1:40  SCV  
  13  1:52  SCV  
  14  1:57  Supply Depot  
  14  2:04  SCV  
  15  2:19  SCV  
  16  2:27  Barracks  
  16  2:31  SCV  
  17  2:43  SCV  
  18  3:00  SCV  
  18  3:02  Supply Depot  
  18  3:03  Refinery  
  18  3:04  Refinery  
  19  3:12  SCV  
  20  3:17  Marine  
  21  3:30  SCV  
  21  3:32  Supply Depot  
  22  3:43  SCV  
  23  3:55  SCV  
  24  4:02  Supply Depot  
  24  4:05  Marine  
  24  4:07  SCV  
  26  4:17  Factory  
  26  4:19  SCV  
  27  4:39  SCV  
  28  4:51  SCV  
  29  4:53  Marine  
  30  5:02  Starport  
  30  5:41  Starport Tech Lab  
  30  5:42  Marine  
  31  5:49  Protoss Ground Weapons Level 3, Protoss Ground Armor Level 3, Protoss Shields Level 3  
  31  5:58  Raven  
  33  6:11  Terran Ship Armor Level 3, Terran Infantry Armor Level 3, Zerg Melee Weapons Level 3, Zerg Missile Weapons Level 3, Protoss Air Armor Level 3, Terran Vehicle Weapons Level 3, Terran Ship Weapons Level 3, Terran Vehicle Armor Level 3, Zerg Flyer Armor Level 3, Zerg Ground Armor Level 3, Zerg Flyer Weapons Level 3, Protoss Air Weapons Level 3, Terran Infantry Weapons Level 3  
  33  6:14  Protoss Ground Armor Level 2, Protoss Shields Level 2, Protoss Ground Weapons Level 2  
  33  6:30  Marine  
  33  6:32  Terran Vehicle Weapons Level 2, Zerg Missile Weapons Level 2, Terran Ship Armor Level 2, Protoss Air Weapons Level 2, Terran Infantry Armor Level 2, Zerg Melee Weapons Level 2, Terran Infantry Weapons Level 2, Protoss Air Armor Level 2, Zerg Ground Armor Level 2, Zerg Flyer Armor Level 2, Terran Vehicle Armor Level 2, Zerg Flyer Weapons Level 2, Terran Ship Weapons Level 2  
  34  6:39  Protoss Shields Level 1, Protoss Ground Armor Level 1, Protoss Ground Weapons Level 1  
  34  6:41  Raven  
  36  6:47  Blink  
  36  6:48  Barracks Tech Lab  
  36  6:54  Zerg Flyer Armor Level 1, Protoss Air Armor Level 1, Zerg Flyer Weapons Level 1, Terran Infantry Armor Level 1, Zerg Melee Weapons Level 1, Zerg Missile Weapons Level 1, Terran Ship Armor Level 1, Zerg Ground Armor Level 1, Terran Vehicle Armor Level 1, Terran Ship Weapons Level 1, Protoss Air Weapons Level 1, Terran Infantry Weapons Level 1, Terran Vehicle Weapons Level 1  
  36  7:08  Extended Thermal Lance, Stimpack, Warp Gate, Neosteel Armor, Charge, Resonating Glaives, Weapon Refit  
  36  7:15  Ventral Sacs, Adrenal Glands  
  36  7:18  Marauder  
  36  7:21  Enduring Locusts  
  36  7:22  Personal Cloaking  
  38  7:29  Corvid Reactor, Tunneling Claws, Combat Shield, Durable Materials, Infernal Pre-Igniter, Psionic Storm, Glial Reconstitution, Chitinous Plating, Neural Parasite, Cloaking Field, Centrifical Hooks, Neosteel Frame, Metabolic Boost  
  38  7:37  Burrow, Muscular Augments x2  
  38  7:51  Gravitic Boosters, Graviton Catapult, Moebius Reactor, Pathogen Glands, Behemoth Reactor, Gravitic Drive, Caduceus Reactor, Hi-Sec Auto Tracking  
  38  8:05  Pneumatized Carapace, Concussive Shells  
  38  8:06  Marauder  
  40  8:48  Unknown x5  
  40  8:55  SCV x12  
    9:07  Unknown  
  12  9:10  SCV  
  13  9:25  Supply Depot  
  13  9:30  Refinery  
  13  10:12  Command Center  
  13  10:30  Barracks  
  13  10:41  SCV  
  14  10:53  SCV  
  15  11:09  Supply Depot  
  15  11:14  SCV  
  15  11:17  Marine  
  17  11:26  SCV  
  17  11:28  SCV  
  19  11:38  SCV  
  20  11:41  Marine  
  20  11:42  SCV  
  22  11:51  Factory  
  22  12:20  Refinery  
  22  12:37  Starport  
  22  13:14  Starport Tech Lab  
  22  13:19  Marine  
  23  13:33  Raven  
  25  13:41  SCV  
  25  13:42  Factory Tech Lab  
  26  13:49  SCV  
  27  13:56  SCV  
  28  14:03  SCV  
  28  14:04  Siege Tank  
  32  14:10  SCV  
  32  14:16  Medivac  
  35  14:17  SCV  
  36  14:25  Supply Depot  
  36  14:38  Protoss Ground Weapons Level 3, Protoss Ground Armor Level 3, Protoss Shields Level 3  
  36  14:46  Medivac  
  38  15:00  Terran Ship Armor Level 3, Terran Infantry Armor Level 3, Zerg Melee Weapons Level 3, Zerg Missile Weapons Level 3, Protoss Air Armor Level 3, Terran Vehicle Weapons Level 3, Terran Ship Weapons Level 3, Terran Vehicle Armor Level 3, Zerg Flyer Armor Level 3, Zerg Ground Armor Level 3, Zerg Flyer Weapons Level 3, Protoss Air Weapons Level 3, Terran Infantry Weapons Level 3  
  38  15:03  Protoss Ground Armor Level 2, Protoss Shields Level 2, Protoss Ground Weapons Level 2  
  38  15:10  Protoss Ground Weapons Level 3, Protoss Ground Armor Level 3, Protoss Shields Level 3  
  38  15:16  Raven  
  38  15:21  Terran Vehicle Weapons Level 2, Zerg Missile Weapons Level 2, Terran Ship Armor Level 2, Protoss Air Weapons Level 2, Terran Infantry Armor Level 2, Zerg Melee Weapons Level 2, Terran Infantry Weapons Level 2, Protoss Air Armor Level 2, Zerg Ground Armor Level 2, Zerg Flyer Armor Level 2, Terran Vehicle Armor Level 2, Zerg Flyer Weapons Level 2, Terran Ship Weapons Level 2  
  40  15:23  Siege Tank  
  40  15:28  Protoss Shields Level 1, Protoss Ground Armor Level 1, Protoss Ground Weapons Level 1  
  43  15:31  Marine  
  43  15:32  Terran Ship Armor Level 3, Terran Infantry Armor Level 3, Zerg Melee Weapons Level 3, Zerg Missile Weapons Level 3, Protoss Air Armor Level 3, Terran Vehicle Weapons Level 3, Terran Ship Weapons Level 3, Terran Vehicle Armor Level 3, Zerg Flyer Armor Level 3, Zerg Ground Armor Level 3, Zerg Flyer Weapons Level 3, Protoss Air Weapons Level 3, Supply Depot, Terran Infantry Weapons Level 3  
  43  15:35  Protoss Ground Armor Level 2, Protoss Shields Level 2, Protoss Ground Weapons Level 2  
  44  15:36  Blink  
  44  15:43  Zerg Flyer Armor Level 1, Protoss Air Armor Level 1, Zerg Flyer Weapons Level 1, Terran Infantry Armor Level 1, Zerg Melee Weapons Level 1, Zerg Missile Weapons Level 1, Terran Ship Armor Level 1, Zerg Ground Armor Level 1, Terran Vehicle Armor Level 1, Terran Ship Weapons Level 1, Protoss Air Weapons Level 1, Terran Infantry Weapons Level 1, Terran Vehicle Weapons Level 1  
  44  15:50  Barracks Tech Lab  
  44  15:53  Terran Vehicle Weapons Level 2, Zerg Missile Weapons Level 2, Terran Ship Armor Level 2, Protoss Air Weapons Level 2, Terran Infantry Armor Level 2, Zerg Melee Weapons Level 2, Terran Infantry Weapons Level 2, Protoss Air Armor Level 2, Zerg Ground Armor Level 2, Zerg Flyer Armor Level 2, Terran Vehicle Armor Level 2, Zerg Flyer Weapons Level 2, Terran Ship Weapons Level 2  
  44  15:56  Supply Depot  
  44  15:57  Extended Thermal Lance, Stimpack, Warp Gate, Neosteel Armor, Charge, Resonating Glaives, Weapon Refit  
  44  15:58  Raven  
  44  16:00  Protoss Shields Level 1, Protoss Ground Armor Level 1, Protoss Ground Weapons Level 1  
  46  16:04  Ventral Sacs, Adrenal Glands  
  46  16:08  Blink, Marauder  
  46  16:10  Enduring Locusts  
  46  16:11  Personal Cloaking  
  48  16:15  Zerg Flyer Armor Level 1, Protoss Air Armor Level 1, Zerg Flyer Weapons Level 1, Terran Infantry Armor Level 1, Zerg Melee Weapons Level 1, Zerg Missile Weapons Level 1, Terran Ship Armor Level 1, Zerg Ground Armor Level 1, Terran Vehicle Armor Level 1, Terran Ship Weapons Level 1, Protoss Air Weapons Level 1, Terran Infantry Weapons Level 1, Terran Vehicle Weapons Level 1  
  48  16:18  Corvid Reactor, Tunneling Claws, Combat Shield, Durable Materials, Infernal Pre-Igniter, Psionic Storm, Glial Reconstitution, Chitinous Plating, Neural Parasite, Cloaking Field, Centrifical Hooks, Neosteel Frame, Metabolic Boost  
  42  16:26  Burrow, Muscular Augments x2  
  42  16:29  Extended Thermal Lance, Marine, Stimpack, Warp Gate, Neosteel Armor, Charge, Resonating Glaives, Weapon Refit  
  43  16:36  Ventral Sacs, Adrenal Glands  
  43  16:40  Gravitic Boosters, Graviton Catapult, Moebius Reactor, Pathogen Glands, Behemoth Reactor, Gravitic Drive, Caduceus Reactor, Hi-Sec Auto Tracking  
  43  16:42  Enduring Locusts  
  43  16:43  Personal Cloaking  
  43  16:47  Marine  
  43  16:50  Corvid Reactor, Tunneling Claws, Combat Shield, Durable Materials, Infernal Pre-Igniter, Psionic Storm, Glial Reconstitution, Chitinous Plating, Neural Parasite, Cloaking Field, Centrifical Hooks, Neosteel Frame, Metabolic Boost  
  44  16:54  Pneumatized Carapace, Concussive Shells  
  44  16:58  Burrow, Muscular Augments x2  
  44  17:05  Marine  
  45  17:12  Gravitic Boosters, Graviton Catapult, Moebius Reactor, Pathogen Glands, Behemoth Reactor, Gravitic Drive, Caduceus Reactor, Hi-Sec Auto Tracking  
  45  17:26  Pneumatized Carapace, Concussive Shells  
  46  17:37  Unknown x5  
  46  17:39  SCV x12  
    17:51  Unknown  
  12  17:52  SCV  
  13  18:06  Supply Depot  
  13  18:09  Unknown x5  
    18:15  SCV x12  
    18:27  Unknown  
    18:28  SCV  
  13  18:40  SCV  
  14  18:47  Supply Depot  
  14  18:52  SCV  
  15  19:03  Refinery  
  15  19:09  SCV  
  16  19:21  SCV  
  16  19:22  Barracks  
  17  19:33  SCV  
  18  19:56  SCV  
  18  19:57  Refinery  
  19  20:00  Supply Depot  
  19  20:08  SCV  
  19  20:10  Marine  
  21  20:36  Marine  
  21  20:38  Factory  
  21  20:40  Supply Depot  
  22  20:53  Marine  
  23  21:24  Starport  
  23  21:51  Marine  
  24  22:02  Starport Tech Lab  
  24  22:09  Marine  
  25  22:17  Factory Tech Lab, Supply Depot  
  25  22:20  Raven  
  27  22:27  Marine  
  28  22:37  Siege Tank  
  28  22:38  SCV  
  32  22:50  SCV  
  33  23:02  SCV  
  33  23:03  Medivac  
  36  23:33  Medivac  
  38  23:37  Supply Depot  
  38  23:42  Protoss Ground Weapons Level 3, Protoss Ground Armor Level 3, Protoss Shields Level 3  
  38  23:56  Siege Tank  
  38  23:59  SCV  
  42  24:03  Raven  
  42  24:04  Terran Ship Armor Level 3, Terran Infantry Armor Level 3, Zerg Melee Weapons Level 3, Zerg Missile Weapons Level 3, Protoss Air Armor Level 3, Terran Vehicle Weapons Level 3, Terran Ship Weapons Level 3, Terran Vehicle Armor Level 3, Zerg Flyer Armor Level 3, Zerg Ground Armor Level 3, Zerg Flyer Weapons Level 3, Protoss Air Weapons Level 3, Terran Infantry Weapons Level 3  
  42  24:07  Protoss Ground Armor Level 2, Protoss Shields Level 2, Protoss Ground Weapons Level 2  
  44  24:11  SCV  
  45  24:23  SCV  
  46  24:25  Terran Vehicle Weapons Level 2, Zerg Missile Weapons Level 2, Terran Ship Armor Level 2, Protoss Air Weapons Level 2, Terran Infantry Armor Level 2, Zerg Melee Weapons Level 2, Terran Infantry Weapons Level 2, Protoss Air Armor Level 2, Zerg Ground Armor Level 2, Zerg Flyer Armor Level 2, Terran Vehicle Armor Level 2, Zerg Flyer Weapons Level 2, Terran Ship Weapons Level 2  
  38  24:32  Protoss Shields Level 1, Protoss Ground Armor Level 1, Protoss Ground Weapons Level 1  
  38  24:40  Blink  
  35  24:46  Raven  
  35  24:47  Zerg Flyer Armor Level 1, Protoss Air Armor Level 1, Zerg Flyer Weapons Level 1, Terran Infantry Armor Level 1, Zerg Melee Weapons Level 1, Zerg Missile Weapons Level 1, Terran Ship Armor Level 1, Zerg Ground Armor Level 1, Terran Vehicle Armor Level 1, Terran Ship Weapons Level 1, Protoss Air Weapons Level 1, Terran Infantry Weapons Level 1, Terran Vehicle Weapons Level 1  
  37  24:56  Siege Tank  
  40  25:01  Extended Thermal Lance, Stimpack, Warp Gate, Neosteel Armor, Charge, Resonating Glaives, Weapon Refit  
  40  25:08  Ventral Sacs, Adrenal Glands  
  40  25:14  Enduring Locusts  
  40  25:15  Personal Cloaking  
  40  25:22  Corvid Reactor, Tunneling Claws, Combat Shield, Durable Materials, Infernal Pre-Igniter, Psionic Storm, Glial Reconstitution, Chitinous Plating, Neural Parasite, Cloaking Field, Centrifical Hooks, Neosteel Frame, Metabolic Boost  
  40  25:29  Raven  
  40  25:30  Burrow, Muscular Augments x2  
  40  25:34  Armory  
  42  25:44  Gravitic Boosters, Graviton Catapult, Moebius Reactor, Pathogen Glands, Behemoth Reactor, Gravitic Drive, Caduceus Reactor, Hi-Sec Auto Tracking  
  42  25:58  Pneumatized Carapace, Concussive Shells  
  48  26:41  Unknown x5  
  48  26:45  SCV x12  
    26:57  Unknown  
    27:00  SCV  
  13  27:14  Refinery  
  13  27:20  Supply Depot  
  13  28:05  Command Center  
  13  28:23  Barracks  
  13  29:13  Refinery  
  13  29:18  Factory  
  13  29:36  SCV  
  14  29:55  SCV  
  15  30:02  SCV, Starport  
  16  30:09  SCV  
  17  30:16  SCV  
  18  30:23  SCV  
  19  30:30  SCV  
  20  30:40  Viking  
  22  31:10  Starport Tech Lab  
  22  31:29  Raven  
  24  31:37  Factory Tech Lab  
  24  31:59  Siege Tank  
  27  32:12  Medivac  
  29  32:21  Supply Depot  
  29  32:42  Medivac  
  29  32:43  SCV  
  32  32:50  SCV  
  33  33:03  Protoss Ground Weapons Level 3, Protoss Ground Armor Level 3, Protoss Shields Level 3  
  33  33:07  SCV  
  33  33:12  Raven  
  36  33:14  SCV  
  36  33:18  Siege Tank  
  40  33:21  Supply Depot  
  40  33:25  Terran Ship Armor Level 3, Terran Infantry Armor Level 3, Zerg Melee Weapons Level 3, Zerg Missile Weapons Level 3, Protoss Air Armor Level 3, Terran Vehicle Weapons Level 3, Terran Ship Weapons Level 3, Terran Vehicle Armor Level 3, Zerg Flyer Armor Level 3, Zerg Ground Armor Level 3, Zerg Flyer Weapons Level 3, Protoss Air Weapons Level 3, Terran Infantry Weapons Level 3  
  40  33:28  Protoss Ground Armor Level 2, Protoss Shields Level 2, Protoss Ground Weapons Level 2  
  40  33:30  Protoss Ground Weapons Level 3, Protoss Ground Armor Level 3, Protoss Shields Level 3  
  40  33:42  SCV  
  40  33:46  Terran Vehicle Weapons Level 2, Zerg Missile Weapons Level 2, Terran Ship Armor Level 2, Protoss Air Weapons Level 2, Terran Infantry Armor Level 2, Zerg Melee Weapons Level 2, Terran Infantry Weapons Level 2, Protoss Air Armor Level 2, Zerg Ground Armor Level 2, Zerg Flyer Armor Level 2, Terran Vehicle Armor Level 2, Zerg Flyer Weapons Level 2, Terran Ship Weapons Level 2  
  41  33:49  SCV  
  41  33:52  Terran Ship Armor Level 3, Terran Infantry Armor Level 3, Zerg Melee Weapons Level 3, Zerg Missile Weapons Level 3, Protoss Air Armor Level 3, Terran Vehicle Weapons Level 3, Terran Ship Weapons Level 3, Terran Vehicle Armor Level 3, Zerg Flyer Armor Level 3, Zerg Ground Armor Level 3, Zerg Flyer Weapons Level 3, Protoss Air Weapons Level 3, Terran Infantry Weapons Level 3  
  41  33:53  Protoss Shields Level 1, Protoss Ground Armor Level 1, Protoss Ground Weapons Level 1  
  41  33:55  Protoss Ground Armor Level 2, Protoss Shields Level 2, Protoss Ground Weapons Level 2, Raven  
  42  33:57  Armory  
  42  33:58  Supply Depot  
  42  34:01  Blink  
  39  34:08  Zerg Flyer Armor Level 1, Protoss Air Armor Level 1, Zerg Flyer Weapons Level 1, Terran Infantry Armor Level 1, Zerg Melee Weapons Level 1, Zerg Missile Weapons Level 1, Terran Ship Armor Level 1, Zerg Ground Armor Level 1, Terran Vehicle Armor Level 1, Terran Ship Weapons Level 1, Protoss Air Weapons Level 1, Terran Infantry Weapons Level 1, Terran Vehicle Weapons Level 1  
  39  34:13  Terran Vehicle Weapons Level 2, Zerg Missile Weapons Level 2, Terran Ship Armor Level 2, Protoss Air Weapons Level 2, Terran Infantry Armor Level 2, Zerg Melee Weapons Level 2, Terran Infantry Weapons Level 2, Protoss Air Armor Level 2, Zerg Ground Armor Level 2, Zerg Flyer Armor Level 2, Terran Vehicle Armor Level 2, Zerg Flyer Weapons Level 2, Terran Ship Weapons Level 2  
  39  34:20  Protoss Shields Level 1, Protoss Ground Armor Level 1, Protoss Ground Weapons Level 1  
  39  34:22  Extended Thermal Lance, Stimpack, Warp Gate, Neosteel Armor, Charge, Resonating Glaives, Weapon Refit  
  39  34:28  Blink  
  39  34:29  Ventral Sacs, Adrenal Glands  
  39  34:35  Enduring Locusts, Zerg Flyer Armor Level 1, Protoss Air Armor Level 1, Zerg Flyer Weapons Level 1, Terran Infantry Armor Level 1, Zerg Melee Weapons Level 1, Zerg Missile Weapons Level 1, Terran Ship Armor Level 1, Zerg Ground Armor Level 1, Terran Vehicle Armor Level 1, Terran Ship Weapons Level 1, Protoss Air Weapons Level 1, Terran Infantry Weapons Level 1, Terran Vehicle Weapons Level 1  
  39  34:36  Personal Cloaking  
  39  34:40  Marine  
  39  34:43  Corvid Reactor, Tunneling Claws, Combat Shield, Durable Materials, Infernal Pre-Igniter, Psionic Storm, Glial Reconstitution, Chitinous Plating, Neural Parasite, Cloaking Field, Centrifical Hooks, Neosteel Frame, Metabolic Boost  
  40  34:49  Extended Thermal Lance, Stimpack, Warp Gate, Neosteel Armor, Charge, Resonating Glaives, Weapon Refit  
  40  34:51  Burrow, Muscular Augments x2  
  40  34:56  Ventral Sacs, Adrenal Glands  
  40  34:58  Marine  
  41  35:02  Enduring Locusts  
  41  35:03  Personal Cloaking  
  41  35:05  Gravitic Boosters, Graviton Catapult, Moebius Reactor, Pathogen Glands, Behemoth Reactor, Gravitic Drive, Caduceus Reactor, Hi-Sec Auto Tracking  
  41  35:08  Siege Tank  
  41  35:10  Corvid Reactor, Tunneling Claws, Combat Shield, Durable Materials, Infernal Pre-Igniter, Psionic Storm, Glial Reconstitution, Chitinous Plating, Supply Depot, Neural Parasite, Cloaking Field, Centrifical Hooks, Neosteel Frame, Metabolic Boost  
  44  35:18  Burrow, Muscular Augments x2  
  44  35:19  Pneumatized Carapace, Concussive Shells  
  44  35:21  Marine  
  45  35:32  Gravitic Boosters, Graviton Catapult, Moebius Reactor, Pathogen Glands, Behemoth Reactor, Gravitic Drive, Caduceus Reactor, Hi-Sec Auto Tracking  
  45  35:39  Marine  
  46  35:46  Pneumatized Carapace, Concussive Shells  
  46  36:02  Unknown x5  
    36:11  SCV x12  
    36:23  Unknown  
  13  36:29  Unknown x5  
    36:33  SCV x12  
    36:45  Unknown  
  12  36:48  SCV  
  13  37:00  SCV  
  14  37:05  Supply Depot  
  14  37:12  SCV  
  15  37:22  Refinery  
  15  37:27  SCV  
  16  37:39  SCV  
  16  37:40  Barracks  
  17  38:15  Command Center  
  17  38:26  Supply Depot  
  17  38:28  Marine  
  17  38:30  SCV  
  19  38:42  SCV  
  20  38:54  SCV  
  21  39:04  Factory  
  21  39:23  Refinery  
  21  39:32  Marine  
  22  39:49  Starport  
  22  39:50  Marine  
  23  40:25  Marine  
  23  40:27  Starport Tech Lab  
  24  40:43  Marine  
  24  40:48  Raven  
  27  41:01  Marine  
  28  41:07  SCV  
  28  41:08  Factory Tech Lab  
  29  41:17  Protoss Ground Weapons Level 3, Protoss Ground Armor Level 3, Protoss Shields Level 3  
  29  41:25  SCV  
  29  41:30  Siege Tank, Raven  
  35  41:33  SCV  
  35  41:39  Terran Ship Armor Level 3, Terran Infantry Armor Level 3, Zerg Melee Weapons Level 3, Zerg Missile Weapons Level 3, Protoss Air Armor Level 3, Terran Vehicle Weapons Level 3, Terran Ship Weapons Level 3, Terran Vehicle Armor Level 3, Zerg Flyer Armor Level 3, Zerg Ground Armor Level 3, Zerg Flyer Weapons Level 3, Protoss Air Weapons Level 3, Terran Infantry Weapons Level 3  
  36  41:42  Protoss Ground Armor Level 2, Protoss Shields Level 2, Protoss Ground Weapons Level 2  
  36  41:50  Supply Depot  
  36  42:00  Terran Vehicle Weapons Level 2, Zerg Missile Weapons Level 2, Terran Ship Armor Level 2, Protoss Air Weapons Level 2, Terran Infantry Armor Level 2, Zerg Melee Weapons Level 2, Terran Infantry Weapons Level 2, Protoss Air Armor Level 2, Zerg Ground Armor Level 2, Zerg Flyer Armor Level 2, Terran Vehicle Armor Level 2, Zerg Flyer Weapons Level 2, Terran Ship Weapons Level 2  
  36  42:07  Protoss Shields Level 1, Protoss Ground Armor Level 1, Protoss Ground Weapons Level 1  
  36  42:11  SCV  
  36  42:13  Medivac  
  36  42:15  Blink  
  39  42:18  SCV  
  39  42:22  Zerg Flyer Armor Level 1, Protoss Air Armor Level 1, Zerg Flyer Weapons Level 1, Terran Infantry Armor Level 1, Zerg Melee Weapons Level 1, Zerg Missile Weapons Level 1, Terran Ship Armor Level 1, Zerg Ground Armor Level 1, Terran Vehicle Armor Level 1, Terran Ship Weapons Level 1, Protoss Air Weapons Level 1, Terran Infantry Weapons Level 1, Terran Vehicle Weapons Level 1  
  40  42:26  SCV  
  41  42:36  Extended Thermal Lance, Stimpack, Warp Gate, Neosteel Armor, Charge, Resonating Glaives, Weapon Refit  
  41  42:43  Ventral Sacs, Raven, Adrenal Glands  
  43  42:48  Siege Tank  
  43  42:49  Enduring Locusts  
  43  42:50  Supply Depot, Personal Cloaking  
  46  42:57  Corvid Reactor, Tunneling Claws, Combat Shield, Durable Materials, Infernal Pre-Igniter, Psionic Storm, Glial Reconstitution, Chitinous Plating, Neural Parasite, Cloaking Field, Centrifical Hooks, Neosteel Frame, Metabolic Boost  
  46  43:05  Burrow, Muscular Augments x2  
  46  43:19  Gravitic Boosters, Graviton Catapult, Moebius Reactor, Pathogen Glands, Behemoth Reactor, Gravitic Drive, Caduceus Reactor, Hi-Sec Auto Tracking  
  46  43:20  Widow Mine  
  46  43:26  Medivac  
  45  43:27  Marine  
  45  43:33  Pneumatized Carapace, Concussive Shells  
  42  43:45  Marine  
  46  44:16  Unknown x5  
    45:20  SCV x12  
    45:32  SCV, Unknown  
  13  45:50  Supply Depot  
  13  45:55  Refinery  
  13  46:11  Refinery  
  13  46:29  Barracks  
  13  46:30  SCV  
  14  46:42  SCV  
  15  46:54  SCV  
  15  46:56  Supply Depot  
  16  47:06  SCV  
  17  47:17  Marine  
  17  47:18  SCV  
  19  47:30  SCV  
  20  47:42  SCV  
  21  48:07  Marine  
  21  48:10  Factory  
  21  48:12  Supply Depot  
  22  48:25  Barracks Tech Lab  
  22  48:43  Marine  
  23  48:56  Starport  
  23  49:02  Marauder  
  25  49:11  Supply Depot  
  25  49:23  Marine  
  26  49:32  Medivac  
  28  49:40  Marine  
  29  49:58  Marine  
  30  50:00  Supply Depot  
  30  50:02  Starport Tech Lab  
  30  50:16  Marine  
  31  50:21  Medivac  
  31  50:26  SCV  
  34  50:34  Marauder  
  36  50:38  SCV  
  36  50:40  Supply Depot  
  37  50:51  SCV  
  37  50:56  Marauder  
  42  51:03  SCV  
  43  51:15  SCV  
Tags
 
League
Platinum
Matchup
TvZ
Replay Pack
10.7.19
Spawn Locations
Cross Positions
Strategy
Banshee Rush
Add a new tag
Caveats
  • Supply blocks, unpowered buildings, or Contaminate may cause inaccurate times.
  • Supply counts are checked every 10 seconds.